 Dungeon Crawl Stone Soup version 0.21.1-1-g345015f (webtiles) character file.

959 Zachthehappycat the Skirmisher (level 7, 0/66 HPs)
             Began as a Minotaur Berserker on May 8, 2018.
             Was a Priest of Trog.
             Slain by Duvessa
             ... wielding a +0 short sword
              (7 damage)
             ... on level 5 of the Dungeon.
             The game lasted 00:10:22 (2560 turns).

Zachthehappycat the Skirmisher (Minotaur Berserker) Turns: 2560, Time: 00:10:22

Health: 0/66       AC: 10    Str: 29    XL:     7   Next: 92%
Magic:  6/6        EV: 11    Int:  1    God:    Trog [***...]
Gold:   219        SH:  0    Dex:  9    Spells: 6/6 levels left

rFire    . . .     SeeInvis .   h - +2 dagger (flame)
rCold    . . .     Gourm    .   (no shield)
rNeg     . . .     Faith    .   f - +0 chain mail
rPois    .         Spirit   .   (helmet restricted)
rElec    .         Reflect  .   (no cloak)
rCorr    +         Harm     .   (no gloves)
MR       .....                  (no boots)
Stlth    ..........             (no amulet)
HPRegen  0.21/turn              d - ring of resist corrosion
MPRegen  0.10/turn              r - -3 ring of intelligence (curse)

@: mighty, berserk cooldown, slowed, very slow
A: retaliatory headbutt, horns 2
a: Berserk, Trog's Hand, Burn Spellbooks, Renounce Religion


You were on level 5 of the Dungeon.
You worshipped Trog.
Trog was most pleased with you.
You were not hungry.

You visited 1 branch of the dungeon, and saw 6 of its levels.

You collected 219 gold pieces.

Inventory:

Hand Weapons
 h - a +2 dagger of flaming (weapon)
 t - a +0 hunting sling of flaming
 A - a +0 shortbow
Missiles
 u - 109 stones (quivered)
 B - 18 arrows
Armour
 b - a +0 animal skin
 f - a +0 chain mail (worn)
Jewellery
 d - a ring of resist corrosion (left hand)
 r - a cursed -3 ring of intelligence (right hand)
Scrolls
 e - a scroll of enchant armour {unknown}
 i - a scroll of enchant weapon
 k - 3 scrolls of teleportation {unknown}
 w - a scroll of magic mapping {unknown}
 x - 2 scrolls of identify
 y - a scroll of blinking {unknown}
Potions
 g - a potion of agility {unknown}
 j - a potion of might
 l - a potion of mutation {unknown}
 m - a potion of invisibility
 n - a potion of curing {unknown}
 o - a potion of resistance {unknown}
 p - a potion of berserk rage {unknown}
 s - a potion of heal wounds {unknown}
Comestibles
 c - 5 rations


   Skills:
 + Level 7.2 Fighting
   Level 4.4 Maces & Flails
 + Level 6.5 Armour
 + Level 5.9 Dodging


You had 6 spell levels left.
You didn't know any spells.

Dungeon Overview and Level Annotations

Branches:
Dungeon (6/15)
 Temple: D:4-7

Altars:
Zin

Annotations:
D:5 Duvessa


Innate Abilities, Weirdness & Mutations

You reflexively headbutt those who attack you in melee.
You have a pair of horns on your head.


Message History

Your chain mail prevents you from hitting something.
Your headbutt misses something. Something hits you!
* * * LOW HITPOINT WARNING * * *
You hit something. You burn something. Something hits you.
* * * LOW HITPOINT WARNING * * *
You closely miss something. Something hits you but does no damage.
You hit something. You burn something. You headbutt something.
Something hits you.
* * * LOW HITPOINT WARNING * * *
You barely miss something. You headbutt something.
You are no longer berserk.
You are exhausted.
You feel yourself slow down. Something hits you!
* * * LOW HITPOINT WARNING * * *
Something hits you but does no damage.
Found a stone staircase leading down.
It was a potion of might.
You feel very mighty all of a sudden. Something hits you!
You die...

.<.# #......... ...####
#####.###. ..###.... #.#
#. #......## ##.# #.
#[.# ###..# ##
#####.##### ##...##
#.........###..###
#........<##..##
#....@{)...#.##
#.............#
............##..##
..>.........##...####
....................##
>............####.#..###
...#########.# #.##....
... #..# #..#####
####.######.#


There were no monsters in sight!

Vanquished Creatures
  A hippogriff (D:6)
  An ogre (D:6)
  A centaur (D:6)
  A bullfrog (D:6)
  A scorpion (D:3)
  Dowan (D:5)
  A water moccasin skeleton (D:6)
  A howler monkey (D:6)
  A bullfrog zombie (D:6)
  2 hounds (D:6)
  A bullfrog skeleton (D:6)
  3 worker ants
  A howler monkey skeleton (D:5)
  8 adders
  A shadow imp (D:5)
  An ooze (D:1)
  2 worms (D:2)
  2 leopard geckos (D:1)
  3 orcs
  A ball python (D:4)
  8 giant cockroaches
  9 goblins
  7 hobgoblins
  14 jackals
  4 kobolds
  A quokka (D:3)
  8 bats
  4 frilled lizards (D:1)
  5 rats
94 creatures vanquished.

Notes
Turn   | Place    | Note
-------+----------+-------------------------------------------
     0 | D:1      | Zachthehappycat the Minotaur Berserker began the quest for the Orb.
     0 | D:1      | Reached XP level 1. HP: 19/19 MP: 0/0
    56 | D:1      | Reached XP level 2. HP: 14/27 MP: 1/1
   155 | D:1      | Reached skill level 4 in Fighting
   506 | D:1      | Reached XP level 3. HP: 33/33 MP: 2/2
   536 | D:1      | Reached ** piety under Trog
  1042 | D:2      | You fall through a shaft for 2 floors!
  1107 | D:3      | Reached XP level 4. HP: 38/41 MP: 3/3
  1459 | D:2      | Found a glowing silver altar of Zin.
  1830 | D:3      | Reached XP level 5. HP: 46/47 MP: 4/4
  1886 | D:3      | Reached skill level 5 in Fighting
  1923 | D:3      | Reached *** piety under Trog
  2006 | D:3      | You fall through a shaft for 3 floors!
  2011 | D:6      | Reached XP level 6. HP: 37/56 MP: 5/5
  2158 | D:6      | Reached skill level 6 in Fighting
  2158 | D:6      | Reached skill level 5 in Armour
  2173 | D:6      | Reached XP level 7. HP: 49/63 MP: 6/6
  2176 | D:6      | Reached skill level 5 in Dodging
  2323 | D:6      | Noticed a hippogriff
  2338 | D:6      | Killed a hippogriff
  2371 | D:6      | Reached skill level 7 in Fighting
  2381 | D:5      | Entered Level 5 of the Dungeon
  2529 | D:5      | Noticed Duvessa
  2531 | D:5      | Noticed Dowan
  2551 | D:5      | Killed Dowan
  2560 | D:5      | Slain by Duvessa

Skill      XL: |  1  2  3  4  5  6  7 |
---------------+----------------------+-----
Maces & Flails | 4 |  4.4
Fighting       | 4 5 6 7 |  7.2
Armour         | 3 4 5 6 |  6.5
Dodging        | 3 4 5 |  5.9

Action                   |  1- 3 |  4- 6 |  7- 9 || total
-------------------------+-------+-------+-------++-------
Melee: Mace              |    29 |       |       ||    29
       Headbutt          |     7 |    15 |    13 ||    35
       Dagger            |    56 |    91 |    61 ||   208
 Fire: Hunting sling     |       |     6 |       ||     6
Invok: Berserk           |       |     1 |     2 ||     3
       Trog's Hand       |       |     1 |       ||     1
  Use: Scroll            |     1 |     1 |       ||     2
       Potion            |       |       |     1 ||     1
  Eat: Chunk             |       |     3 |     3 ||     6
       Ration            |       |       |     1 ||     1
Armor: Animal skin       |     3 |       |       ||     3
       Chain mail        |    47 |    64 |    40 ||   151
Dodge: Dodged            |    48 |    53 |    32 ||   133
